 Dungeon Crawl Stone Soup version 0.29.0-4-gdea44cf6ec (webtiles) character file.

Game seed: 13885482570253750178

431 qw the Chopper (level 6, 0/36 HPs)
             Began as a Tengu Warper on Aug 28, 2022.
             Was an Initiate of Okawaru.
             Slain by a gnoll
             ... wielding a +0 whip
              (7 damage)
             ... on level 5 of the Dungeon.
             The game lasted 00:00:21 (4158 turns).

qw the Chopper (Tengu Warper)                       Turns: 4158, Time: 00:00:21

Health: 0/36       AC: 11    Str: 13    XL:     6   Next: 99%
Magic:  10/10      EV:  5    Int: 14    God:    Okawaru [......]
Gold:   158        SH:  0    Dex: 13    Spells: 9/9 levels left

rFire   . . .      SeeInvis .   Y - +0 war axe
rCold   . . .      Faith    .   (no shield)
rNeg    . . .      Spirit   .   k - +0 plate armour
rPois   +          Reflect  .   (helmet restricted)
rElec   .          Harm     .   (no cloak)
rCorr   .          Rampage  .   (no gloves)
Will    .....                   (boots unavailable)
Stlth   ..........              (no amulet)
HPRegen 0.12/turn               b - ring of poison resistance
MPRegen 0.12/turn               a - +4 ring of slaying {mikee}

@: flying quickly and evasively, quick
A: beak, talons 3, nimble flight
a: Renounce Religion


You were on level 5 of the Dungeon.
You worshipped Okawaru.
Okawaru was noncommittal.
You visited 1 branch of the dungeon, and saw 5 of its levels.

You collected 158 gold pieces.


Innate Abilities, Weirdness & Mutations

You have a beak for a mouth.
You have claws for feet.
Your magical nature lets you fly swiftly and evasively.


   Skills:
 + Level 2.8 Fighting
 - Level 7.0 Axes
 - Level 1.0 Throwing
 - Level 3.0 Armour
 - Level 2.1 Dodging
 - Level 2.0 Spellcasting
 - Level 2.4 Translocations


You had 9 spell levels left.
You didn't know any spells.
Your spell library contained the following spells:

 Spells                   Type           Power      Damage    Failure   Level
 Blink                    Tloc           16%        N/A       100%        2
 Gell's Gravitas          Tloc           8%         N/A       100%        3
 Lesser Beckoning         Tloc           8%         N/A       100%        3
 Teleport Other           Tloc           8%         N/A       100%        3
 Manifold Assault         Tloc           8%         N/A       100%        5

Inventory:

Hand Weapons
 c - a +1 whip of electrocution
 Y - a +0 war axe (weapon)
Missiles
 o - 2 boomerangs (quivered)
Armour
 k - a +0 plate armour (worn)
Jewellery
 a - a +4 ring of slaying (right hand) {mikee}
 b - a ring of poison resistance (left hand)
 g - a +6 ring of strength
Scrolls
 i - a scroll of identify
Potions
 e - a potion of resistance
 f - a potion of might {unknown}
 l - a potion of brilliance {unknown}
 m - a potion of cancellation
 n - a potion of lignification {unknown}
 p - a potion of mutation {unknown}
 q - a potion of ambrosia {unknown}

Dungeon Overview and Level Annotations

Branches:
Dungeon (5/15)
 Temple: D:4-7

Altars:
Elyvilon
Okawaru
Yredelemnul
Zin


Message History

You closely miss the orc. You claw the orc.
You kill the orc!
Okawaru accepts your kill.
The gnoll hits you from afar with a +0 spear.
You hit the gnoll. Your kick misses the gnoll.
The gnoll is lightly wounded.
The gnoll barely misses you. The gnoll hits you but does no damage.
The gnoll shouts!
You hit the gnoll. Your kick misses the gnoll. Your peck misses the gnoll.
The gnoll is heavily wounded.
The gnoll hits you but does no damage.
The gnoll hits you from afar with a +0 spear.
You closely miss the gnoll. You claw the gnoll, but do no damage.
You peck the gnoll.
The gnoll is severely wounded.
The gnoll hits you with a +0 club.
The gnoll hits you from afar with a +0 spear.
The gnoll hits you but does no damage.
The gnoll hits you from afar with a +0 spear.
You hit the gnoll. You peck the gnoll.
You kill the gnoll!
Okawaru accepts your kill.
The gnoll hits you from afar with a +0 spear.
You closely miss the gnoll. Your kick misses the gnoll.
The gnoll hits you but does no damage. The gnoll hits you with a +0 whip.
You completely miss the gnoll. You peck the gnoll.
The gnoll is moderately wounded.
The gnoll barely misses you. The gnoll hits you but does no damage.
You hit the gnoll but do no damage.
The gnoll is moderately wounded.
The gnoll hits you with a +0 whip!
The gnoll hits you from afar with a +0 spear.
You closely miss the gnoll. Your kick misses the gnoll.
The gnoll is moderately wounded.
The gnoll barely misses you.
The gnoll hits you from afar with a +0 spear.
You barely miss the gnoll. You claw the gnoll.
The gnoll is almost dead.
The gnoll hits you with a +0 whip!
You die...

### ###############.#
#.........#.....#
#.#######.#.###.# #.#
#.#...#.# #.#
#####.###.#.# #.#
#.....# #.#.# #@#
#.#######.#.## #g#
#.#.......#...
g..oo..gg##.#.##....#...
g........##.........#...
###......##.........#.##
#......##.........#.#
#########..<.....<#.#
#.#.##....#.#
#.#.....#.#.#


You could see 3 gnolls.

Vanquished Creatures
  A necrophage (D:4)
  2 scorpions (D:4)
  A howler monkey (D:4)
  A jelly (D:4)
  A hound (D:4)
  A gnoll (D:5)
  7 adders
  2 ufetubi
  A worm (D:3)
  2 dart slugs (D:1)
  5 orcs
  4 ball pythons
  6 bats
  3 endoplasms
  3 giant cockroaches
  4 goblins
  9 hobgoblins
  4 quokkas
  3 frilled lizards
  6 kobolds
  3 rats
69 creatures vanquished.

Notes
Turn   | Place    | Note
-------+----------+-------------------------------------------
     0 | D:1      | qw the Tengu Warper began the quest for the Orb.
     0 | D:1      | Reached XP level 1. HP: 12/12 MP: 4/4
     0 | D:1      | 0 ||| qw: Version: 0.1-a-89-g26bdef1
     0 | D:1      | 0 ||| qw: Game counter: 2984
     0 | D:1      | 0 ||| qw: Always use a shield: true
     0 | D:1      | 0 ||| qw: God list: Okawaru
     0 | D:1      | 0 ||| qw: Allow faded altars: false
     0 | D:1      | 0 ||| qw: Do Orc after D:15 true
     0 | D:1      | 0 ||| qw: Do second Lair branch before Depths: true
     0 | D:1      | 0 ||| qw: Lair rune preference: random
     0 | D:1      | 0 ||| qw: Plans: Normal
     0 | D:1      | 0 ||| PLANNING D:1-11
    43 | D:1      | 43 ||| Stepping ~*~*~tactically~*~*~ (hiding).
   145 | D:1      | 145 ||| Stepping ~*~*~tactically~*~*~ (hiding).
   405 | D:1      | Reached XP level 2. HP: 17/17 MP: 6/6
   407 | D:1      | 407 ||| Stepping ~*~*~tactically~*~*~ (hiding).
   414 | D:1      | Reached skill level 3 in Axes
   460 | D:1      | 460 ||| Stepping ~*~*~tactically~*~*~ (stealth).
   461 | D:1      | 461 ||| Stepping ~*~*~tactically~*~*~ (stealth).
   462 | D:1      | 462 ||| Stepping ~*~*~tactically~*~*~ (stealth).
   603 | D:1      | 603 ||| DROPPING +1 war axe of distortion.
   644 | D:1      | Reached XP level 3. HP: 21/21 MP: 7/7
   931 | D:1      | 931 ||| UPGRADING to ring of willpower.
   932 | D:1      | 932 ||| READING 2 scrolls labelled FUTZANOUS.
   936 | D:1      | 936 ||| READING scroll labelled LUTOUJIXAY.
   937 | D:1      | 937 ||| READING scroll labelled YLIUGO JITZUJUCH.
   938 | D:1      | 938 ||| DROPPING scroll of blinking.
   970 | D:2      | Reached skill level 4 in Axes
   995 | D:2      | Found a basalt altar of Yredelemnul.
  1253 | D:2      | HP: 3/21 [kobold/+1 whip of electrocution (13)]
  1254 | D:2      | 1254 ||| READING scroll of teleportation.
  1707 | D:2      | 1707 ||| Stepping ~*~*~tactically~*~*~ (stealth).
  1710 | D:2      | 1710 ||| Stepping ~*~*~tactically~*~*~ (stealth).
  1711 | D:2      | 1711 ||| Stepping ~*~*~tactically~*~*~ (stealth).
  1712 | D:2      | 1712 ||| Stepping ~*~*~tactically~*~*~ (stealth).
  1737 | D:2      | 1737 ||| DROPPING +0 club.
  2110 | D:2      | 2110 ||| UPGRADING to +6 ring of strength.
  2198 | D:3      | Reached XP level 4. HP: 26/26 MP: 8/8
  2511 | D:3      | Reached skill level 5 in Axes
  2706 | D:3      | Found a basalt altar of Yredelemnul.
  2777 | D:3      | 2777 ||| Stepping ~*~*~tactically~*~*~ (stealth).
  2813 | D:3      | Found a white marble altar of Elyvilon.
  2839 | D:3      | 2839 ||| Stepping ~*~*~tactically~*~*~ (stealth).
  2877 | D:3      | 2877 ||| UPGRADING to +0 plate armour.
  2887 | D:3      | 2887 ||| DROPPING +0 leather armour.
  2888 | D:3      | 2888 ||| DROPPING ring of ice.
  2889 | D:3      | 2889 ||| UPGRADING to +4 ring of slaying {mikee}.
  2891 | D:3      | 2891 ||| DROPPING ring of protection from cold.
  2892 | D:3      | 2892 ||| DROPPING ring of willpower.
  2893 | D:3      | 2893 ||| READING 2 scrolls of identify.
  2893 | D:3      | 2893 ||| IDENTIFYING lumpy puce potion
  2917 | D:4      | Noticed a scorpion
  2924 | D:4      | Killed a scorpion
  2925 | D:4      | Gained mutation: Your magical nature lets you fly swiftly
                  | and evasively. [Tengu growth]
  2925 | D:4      | Reached XP level 5. HP: 30/30 MP: 9/9
  3076 | D:4      | Reached skill level 6 in Axes
  3076 | D:4      | Reached XP level 6. HP: 35/35 MP: 10/10
  3077 | D:4      | Found an iron altar of Okawaru.
  3085 | D:4      | Became a worshipper of Warmaster Okawaru
  3253 | D:4      | 3253 ||| SWAPPING to +0 war axe.
  3254 | D:4      | 3254 ||| DROPPING +0 hand axe.
  3382 | D:4      | Reached skill level 7 in Axes
  3460 | D:4      | Found a glowing silver altar of Zin.
  3835 | D:4      | 3835 ||| UPGRADING to ring of poison resistance.
  3837 | D:4      | 3837 ||| UPGRADING to +4 ring of slaying {mikee}.
  3839 | D:4      | 3839 ||| READING scroll labelled JEHUOPA GAYPT.
  3975 | D:4      | 3975 ||| DRINKING 2 golden potions.
  4027 | D:5      | Entered Level 5 of the Dungeon
  4028 | D:5      | 4028 ||| PLANNING OSSUARY
  4132 | D:5      | 4132 ||| Stepping ~*~*~tactically~*~*~ (stealth).
  4134 | D:5      | 4134 ||| Stepping ~*~*~tactically~*~*~ (stealth).
  4137 | D:5      | 4137 ||| Stepping ~*~*~tactically~*~*~ (stealth).
  4140 | D:5      | 4140 ||| Stepping ~*~*~tactically~*~*~ (hiding).
  4145 | D:5      | 4145 ||| Stepping ~*~*~tactically~*~*~ (stealth).
  4147 | D:5      | Reached skill level 3 in Armour
  4157 | D:5      | HP: 7/36 [gnoll/+0 spear (6)]
  4158 | D:5      | Slain by a gnoll

Levels and vault maps discovered:
D:1:      dpeg_arrival_fog, layout_rooms
D:2:      layout_basic, basic_altar, chequers_serial_rivers_room_b,
          chequers_serial_rivers_room_a
D:3:      layout_loops_ring, kennysheep_ying_yang
D:4:      layout_loops_corners, mainiacjoe_overflow_cross_hatched,
          okawaru_gym_becter, minmay_hedge_maze
D:5:      layout_basic, mainiacjoe_overflow_catwalk_spiral,
          lightli_ossuary_entry_decrepit_ruins, chequers_serial_rivers_room_a,
          uniq_blork_the_orc, uniq_prince_ribbit1, uniq_grinder

Skill      XL: |  1  2  3  4  5  6 |
---------------+-------------------+-----
Axes           | 3 4 5 6 7 |  7.0
Armour         | 2 3 |  3.0
Fighting       | |  2.8
Throwing       | |  1.0
Dodging        | |  2.1
Spellcasting   | |  2.0
Translocations | |  2.4

Action                   |  1- 3 |  4- 6 || total
-------------------------+-------+-------++-------
Melee: Hand axe          |    75 |    39 ||   114
       Kick              |    15 |    19 ||    34
       Peck              |    11 |    13 ||    24
       War axe           |       |    24 ||    24
Throw: Boomerang         |     7 |    34 ||    41
  Use: Scroll            |     4 |     2 ||     6
       Potion            |       |     1 ||     1
Armor: Leather armour    |    18 |     5 ||    23
       Plate armour      |       |    16 ||    16
Dodge: Dodged            |    39 |    22 ||    61

Table legend:
 A = Non-vault XP
 B = Vault XP
 C = Vault XP percentage of total XP
 D = Non-vault monster count
 E = Vault monster count
 F = Vault count percentage of total count
                 A         B        C        D         E       F
            +---------+---------+-------+---------+---------+-------
      Total |     616 |       0 |   0.0 |      69 |       0 |   0.0
            +---------+---------+-------+---------+---------+-------
        D:1 |      43 |       0 |   0.0 |      22 |       0 |   0.0
        D:2 |      29 |       0 |   0.0 |      11 |       0 |   0.0
        D:3 |      65 |       0 |   0.0 |      16 |       0 |   0.0
        D:4 |     445 |       0 |   0.0 |      14 |       0 |   0.0
        D:5 |      34 |       0 |   0.0 |       6 |       0 |   0.0
            +---------+---------+-------+---------+---------+-------
